 Dungeon Crawl Stone Soup version 0.28-a0-1365-g7e0445c96d (webtiles) character file.

Game seed: 699340869874851657

54 Conn the Firebug (level 3, -2/21 HPs)
             Began as an Octopode Fire Elementalist on Dec 31, 2021.
             Slain by a ball python (3 damage)
             ... on level 3 of the Dungeon.
             The game lasted 00:03:20 (1202 turns).

Conn the Firebug (Octopode Fire Elementalist)       Turns: 1202, Time: 00:03:20

Health: -2/21      AC:  1    Str:  7    XL:     3   Next: 91%
Magic:  0/6        EV: 13    Int: 19    God:
Gold:   46         SH:  0    Dex: 12    Spells: 2/6 levels left

rFire   + . .      SeeInvis .   e - +0 short sword
rCold   . . .      Faith    .   (no shield)
rNeg    . . .      Spirit   .   (helmet restricted)
rPois   .          Reflect  .   (no amulet)
rElec   .          Harm     .   b - ring of protection from fire
rCorr   .          Rampage  .   (no ring)
Will    .....                   (no ring)
Stlth   +++.......              (no ring)
HPRegen 0.07/turn               (no ring)
MPRegen 0.10/turn               (no ring)
                                (no ring)
                                (no ring)

@: flying
A: almost no armour, amphibious, 8 rings, camouflage 1, gelatinous body 1,
(nimble swimmer 1), tentacles
a: no special abilities


You were on level 3 of the Dungeon.
You visited 1 branch of the dungeon, and saw 3 of its levels.

You collected 46 gold pieces.

Inventory:

Hand Weapons
 e - a +0 short sword (weapon)
Jewellery
 b - a ring of protection from fire (left tentacle)
Scrolls
 a - a scroll of amnesia
Potions
 c - a potion of flight


   Skills:
 + Level 0.2 Fighting
 + Level 2.2 Dodging
 + Level 3.0 Stealth
 + Level 2.3 Spellcasting
 + Level 1.3 Conjurations
 + Level 4.0 Fire Magic


You had 2 spell levels left.
You knew the following spells:

 Your Spells              Type           Power      Damage    Failure   Level
a - Foxfire               Conj/Fire      48%        2x1d6     5%          1
b - Conjure Flame         Conj/Fire      12%        6-21      16%         3

Your spell library contained the following spells:

 Spells                   Type           Power      Damage    Failure   Level
 Scorch                   Fire           34%        2d6       4%          2
 Inner Flame              Hex/Fire       9%         N/A       22%         3
 Ozocubu's Armour         Ice            2%         N/A       43%         3
 Flame Wave               Conj/Fire      12%        2d5       47%         4
 Metabolic Englaciation   Hex/Ice        1%         N/A       99%         5
 Simulacrum               Ice/Necr       1%         N/A       100%        6


Dungeon Overview and Level Annotations

Branches:
Dungeon (3/15)

Altars:

Shops:
D:1 [

Annotations:
D:2 Robin


Innate Abilities, Weirdness & Mutations

You cannot wear most types of armour.
You are amphibious.
You can wear up to eight rings at the same time.
Your skin changes colour to match your surroundings (Stealth+).
Your rubbery body absorbs attacks. (AC +1, EV +1)
((You are camouflaged when in or above water. (Stealth+)))
You have tentacles for arms and can constrict up to eight enemies at once.


Message History

You aren't carrying any items that you can evoke.
Unknown command.
There is a stone staircase leading down here.
Casting: Foxfire (safe; 5% risk of failure)
Confirm with . or Enter, or press ? or * to list all spells.
You conjure some foxfire!
The hobgoblin hits you.
Unknown command.
The foxfire hits the hobgoblin.
The hobgoblin is moderately wounded.
The foxfire hits the hobgoblin.
The hobgoblin is heavily wounded.
Robin hits you from afar with a +0 spear.
* * * LOW HITPOINT WARNING * * *
The hobgoblin hits you.
* * * LOW HITPOINT WARNING * * *
You climb downwards.
The ball python hisses angrily. x2
Found a scroll labelled EQACOU IGUKHEDWUR and 10 sling bullets.
There is a stone staircase leading up here.
A giant cockroach comes into view.
You see here a scroll labelled EQACOU IGUKHEDWUR.
The ball python barely misses you. x2
Found a hand axe and a runed rapier.
The ball python closely misses you. The ball python barely misses you.
The ball python closely misses you. The ball python misses you.
It was a potion of flight.
You feel very buoyant.
You fly up into the air.
The ball python bites you.
* * * LOW HITPOINT WARNING * * *
The ball python grabs you. The ball python constricts you.
* * * LOW HITPOINT WARNING * * *
You escape the ball python's grasp.
As you read the scroll labelled XEDOFR BOPNI, it crumbles to dust.
It is a scroll of identify.
a - a scroll of amnesia The ball python barely misses you. x2
Casting: Foxfire (safe; 5% risk of failure)
Confirm with . or Enter, or press ? or * to list all spells.
You conjure some foxfire!
The ball python bites you.
You die...

#........
#.......#
#.......#
#.......###
#.......?.#
#B.g....#<#
###S#####.....(..
#S# #........ #@#
#........ #vv..#
......... #....#
.........
#)).............
#......#.....K..
#.....## ##..###
...#


You could see a hobgoblin (strong) and 2 ball pythons.

Vanquished Creatures
  A gnoll (D:1)
  An adder (D:2)
  2 dart slugs (D:1)
  2 ball pythons (D:1)
  5 bats (D:1)
  2 endoplasms (D:1)
  A giant cockroach (D:1)
  5 goblins
  3 hobgoblins
  A quokka (D:2)
  A frilled lizard (D:1)
  3 kobolds (D:1)
  A rat (D:1)
28 creatures vanquished.

Vanquished Creatures (others)
  70 foxfires
70 creatures vanquished.

Grand Total: 98 creatures vanquished

Notes
Turn   | Place    | Note
-------+----------+-------------------------------------------
     0 | D:1      | Conn the Octopode Fire Elementalist began the quest for the
                  | Orb.
     0 | D:1      | Reached XP level 1. HP: 11/11 MP: 3/3
   130 | D:1      | Reached XP level 2. HP: 17/17 MP: 1/5
   276 | D:1      | Found a faded altar of an unknown god.
   370 | D:1      | Reached XP level 3. HP: 21/21 MP: 3/6
   415 | D:1      | Found Uqakh's Antique Armour Shoppe.
   687 | D:1      | Learned a level 3 spell: Conjure Flame
  1130 | D:2      | Reached skill level 4 in Fire Magic
  1172 | D:2      | Noticed Robin
  1199 | D:3      | HP: 1/21 [constriction (1)]
  1202 | D:3      | Slain by a ball python

Illustrated notes

Levels and vault maps discovered:
D:1:      dpeg_arrival_fog, layout_loops_ring, serial_shops,
          nicolae_shop_crystal, hellmonk_ecumenical_altar_lost_god,
          grunt_decor_arrowhead, minmay_tiny_reverse_x
D:2:      layout_loops_ring, pf_guarded_unrand_woodcutter, uniq_robin
D:3:      layout_rooms, ebering_ghost_rock_garden, uniq_ijyb

Skill      XL: |  1  2  3 |
---------------+----------+-----
Stealth        | 3 |  3.0
Fire Magic     | 4 |  4.0
Fighting       | |  0.2
Dodging        | |  2.2
Spellcasting   | |  2.3
Conjurations   | |  1.3

Action                   || total
-------------------------++-------
Melee: Unarmed           ||     6
       Constrict         ||     9
       Tentacles         ||     3
       Short sword       ||    13
 Cast: Foxfire           ||    43
  Use: Potion            ||     2
       Scroll            ||     1
 Stab: Sleeping          ||     4
Armor: Skin              ||     1
Dodge: Dodged            ||    31

Table legend: (Time is in decaauts)
 A = Elapsed time spent in this place.
 B = Non-inter-level travel time spent in this place.
 C = Inter-level travel time spent in this place.
 D = Time resting spent in this place.
 E = Time spent auto-exploring this place.
 F = Levels seen in this place.
 G = Mean time per level.
                   A        B        C        D        E       F      G
               +--------+--------+--------+--------+--------+-----+--------+
         Total |   1201 |   1118 |     83 |      0 |    749 |   3 |  400.3 |
       Dungeon |   1201 |   1118 |     83 |      0 |    749 |   3 |  400.3 |
               +--------+--------+--------+--------+--------+-----+--------+

Top non-repeatable levels by time:
     D:1: 1086 daAuts
     D:2: 104 daAuts
     D:3: 10 daAuts
